 Dungeon Crawl Stone Soup version 0.27.1-35-g4d5d836560 (webtiles) character file.

Game seed: 1388327759512028409

67 countessdiamond the Shield-Bearer (level 4, -3/40 HPs)
             Began as a Minotaur Fighter on June 1, 2022.
             Killed by nerve-wracking pain
             ... invoked by a shadow imp
             ... summoned by Natasha
              (11 damage)
             ... on level 2 of the Dungeon.
             The game lasted 00:03:39 (1437 turns).

countessdiamond the Shield-Bearer (MiFi)            Turns: 1437, Time: 00:03:39

Health: -3/40      AC:  7    Str: 21    XL:     4   Next: 0%
Magic:  3/3        EV:  8    Int:  5    God:
Gold:   39         SH:  9    Dex: 10    Spells: 3/3 levels left

rFire    . . .     SeeInvis .   a - +0 trident
rCold    . . .     Faith    .   c - +0 kite shield
rNeg     . . .     Spirit   .   b - +0 scale mail
rPois    .         Reflect  .   (helmet restricted)
rElec    .         Harm     .   (no cloak)
rCorr    .         Rampage  .   (no gloves)
Will     .....                  (no boots)
Stlth    ..........             (no amulet)
HPRegen  0.13/turn              (no ring)
MPRegen  0.08/turn              (no ring)

@: no status effects
A: horns 2, retaliatory headbutt
a: no special abilities


You were on level 2 of the Dungeon.
You visited 1 branch of the dungeon, and saw 2 of its levels.

You collected 39 gold pieces.

Inventory:

Hand Weapons
 a - a +0 trident (weapon)
Armour
 b - a +0 scale mail (worn)
 c - a +0 kite shield (worn)
 g - a +0 chain mail
Scrolls
 e - a scroll of enchant armour {unknown}
 f - 3 scrolls of amnesia {unknown}
Potions
 d - a potion of might


   Skills:
 + Level 4.1 Fighting
 + Level 3.1 Polearms
 + Level 4.1 Armour
 + Level 1.6 Dodging
 + Level 0.1 Stealth
 + Level 4.2 Shields


You had 3 spell levels left.
You didn't know any spells.
Your spell library was empty.

Dungeon Overview and Level Annotations

Branches:
Dungeon (2/15)

Altars:
Xom

Annotations:
D:2 Natasha


Innate Abilities, Weirdness & Mutations

You have a pair of horns on your head.
You reflexively headbutt those who attack you in melee.


Message History

Natasha is nearby!
Unknown command.
Unknown command.
Natasha stares at you and mumbles some strange words.
You resist with some effort.
Unknown command.
The crimson imp laughs crazily.
There are monsters nearby!
Natasha stares at you and mumbles some strange words.
The magic dart hits you.
* * * LOW HITPOINT WARNING * * *
There are monsters nearby!
There are monsters nearby!
Natasha stares at you and mumbles some strange words.
The magic dart hits you but does no damage.
There are monsters nearby!
There are monsters nearby!
Found a fizzy cyan potion.
There are monsters nearby!
There are monsters nearby!
Natasha mewls in sadness.
You see here a fizzy cyan potion.
Natasha mumbles some strange words.
Natasha shimmers violently.
Natasha claws you.
* * * LOW HITPOINT WARNING * * *
The crimson imp disappears in a puff of smoke!
Natasha stares at you and mumbles some strange words.
You resist with some effort.
There are monsters nearby!
There are monsters nearby!
The white imp disappears in a puff of smoke!
Natasha mumbles some strange words.
There are monsters nearby!
There are monsters nearby!
There are monsters nearby!
There are monsters nearby!
The shadow imp gestures at you. Pain shoots through your body!
You die...

......÷..####..............
.......÷...........########
.........#########.#
.........# ######.#
.........# #....#.#
'######+#####.##.#.#
...............#.#.#
.######.# #....#.# .#
#.#####..#@#.#.### .#
#................. .#
#..####.:#.#.#.##. .# #..#
#..#5#.# .# ##..####..#h# #
.#####.........#.#
...............#.#
######.#######.#.# #5#
#.#!#


You could see Natasha and a shadow imp (summoned).

Vanquished Creatures
  Natasha (D:2)
  An adder (D:2)
  2 worms (D:2)
  4 bats (D:2)
  An endoplasm (D:2)
  A giant cockroach (D:2)
  2 hobgoblins (D:2)
  8 jackals (D:2)
  A kobold (D:2)
  3 ball pythons (D:2)
  2 rats (D:2)
26 creatures vanquished.

Notes
Turn   | Place    | Note
-------+----------+-------------------------------------------
     0 | D:1      | countessdiamond the Minotaur Fighter began the quest for
                  | the Orb.
     0 | D:1      | Reached XP level 1. HP: 19/19 MP: 0/0
    31 | D:2      | Found a shimmering altar of Xom.
    90 | D:2      | Reached XP level 2. HP: 23/27 MP: 1/1
   925 | D:2      | Noticed Natasha
   933 | D:2      | Killed Natasha
   934 | D:2      | Reached skill level 1 in Dodging
   934 | D:2      | Reached XP level 3. HP: 32/33 MP: 2/2
  1228 | D:2      | Found a faded altar of an unknown god.
  1311 | D:2      | Reached XP level 4. HP: 40/40 MP: 3/3
  1370 | D:2      | Noticed Natasha
  1437 | D:2      | Killed from afar by a shadow imp

Illustrated notes

Levels and vault maps discovered:
D:1:      shiori_arrival_elements, layout_basic
D:2:      layout_basic, basic_altar, hellmonk_ecumenical_altar_leap_of_faith,
          uniq_natasha

Skill      XL: |  1  2 |
---------------+-------+-----
Shields        | 4 |  4.2
Fighting       | 4 |  4.1
Armour         | 4 |  4.1
Polearms       | 3 |  3.1
Dodging        | 1 |  1.6
Stealth        | |  0.1

Action                   |  1- 3 |  4- 6 || total
-------------------------+-------+-------++-------
Melee: Trident           |    54 |    15 ||    69
       Headbutt          |    11 |     2 ||    13
Armor: Scale mail        |    71 |    12 ||    83
Dodge: Dodged            |    38 |     7 ||    45
Block: Kite shield       |    72 |    19 ||    91
